 Dungeon Crawl Stone Soup version 0.32-a0-612-g1c984fe9d1 (webtiles) character file.

Game seed: 7489104454087098139

203 whatisthis the Ruffian (level 5, -3/47 HPs)
             Began as a Ghoul Gladiator on Mar 4, 2024.
             Incinerated by a bombardier beetle (5 damage)
             ... with a burning spray
             ... on level 4 of the Dungeon.
             The game lasted 00:04:47 (2483 turns).

whatisthis the Ruffian (Ghoul Gladiator)            Turns: 2483, Time: 00:04:48

Health: -3/47      AC:  6    Str: 20    XL:     5   Next: 81%
Magic:  5/5        EV: 12    Int:  7    God:
Gold:   176        SH:  5    Dex: 10    Spells: 4/4 levels left

rFire   . .          .
                       - Unarmed
rCold   + . .        (no shield)
rNeg    + + +        a - +0 leather armour
rPois   ∞            b - +0 helmet
rElec   .            (no cloak)
rCorr   +            (no gloves)
SInv    .            f - +1 pair of boots
Will    .....        e - amulet of reflection
Stlth   +            o - ring of resist corrosion
HPRegen 0.00/turn    k - ring of flight
MPRegen 0.09/turn

%: reflection
@: mighty, on fire, flying, inhibited regen, glowing
A: claws 1, cold resistance 1, negative energy resistance 3, inhibited
regeneration, torment resistance 2, devour on kill
a: no special abilities


You were on level 4 of the Dungeon.
You visited 1 branch of the dungeon, and saw 4 of its levels.

You collected 176 gold pieces.

Inventory:

Hand Weapons
 q - a +2 short sword of venom
Missiles
 c - 3 throwing nets (quivered)
 d - a javelin
 y - 5 poisoned darts
Armour
 a - a +0 leather armour (worn)
 b - a +0 helmet (worn)
 f - a +1 pair of boots (worn)
 h - a +0 ring mail
 s - a +0 scale mail
Jewellery
 e - an amulet of reflection (around neck)
 k - a ring of flight (right claw)
 o - a ring of resist corrosion (left claw)
Scrolls
 g - 2 scrolls of fear {unknown}
 i - a scroll of acquirement {unknown}
 j - a scroll of poison {unknown}
 m - 2 scrolls of blinking {unknown}
 n - 5 scrolls of identify {unknown}
 r - 2 scrolls of noise {unknown}
 v - a scroll of butterflies {unknown}
Potions
 l - a potion of curing {unknown}
 p - a potion of magic {unknown}
 t - a potion of heal wounds {unknown}
 u - 2 potions of might
 w - a potion of attraction {unknown}
 x - a potion of cancellation {unknown}
 z - a potion of invisibility {unknown}


   Skills:
 + Level 4.3 Fighting
 - Level 1.7 Throwing
 + Level 1.7 Armour
 - Level 2.6 Dodging
 + Level 5.1 Unarmed Combat


You had 4 spell levels left.
You didn't know any spells.
Your spell library contained the following spells:

 Spells                   Type           Power      Damage    Failure   Level
 Apportation              Tloc           0%         N/A       47%         1
 Foxfire                  Conj/Fire      0%         2x1d4     47%         1
 Kiss of Death            Conj/Necr      0%         2d5       47%         1
 Necrotise                Necr           0%         1d4       47%         1
 Sting                    Conj/Alch      0%         1d3       47%         1
 Summon Small Mammal      Summ           0%         N/A       47%         1
 Call Canine Familiar     Summ           0%         N/A       85%         3
 Confusing Touch          Hex            0%         N/A       85%         3
 Dispel Undead            Necr           0%         3d6       99%         4
 Summon Blazeheart Golem  Fire/Summ      0%         N/A       99%         4
 Vhi's Electric Charge    Tloc/Air       0%         N/A       99%         4
 Arcjolt                  Conj/Air       0%         1d10      100%        5
 Conjure Ball Lightning   Conj/Air       0%         3x3d6     100%        6
 Plasma Beam              Fire/Air       0%         2x1d10    100%        6
 Starburst                Conj/Fire      0%         6d3       100%        6
 Discord                  Hex            0%         N/A       100%        8
 Disjunction              Tloc           0%         N/A       100%        8
 Maxwell's Capacitive Co  Air            0%         ∞         100%        8


Dungeon Overview and Level Annotations

Branches:
Dungeon (4/15)
 Temple: D:4-7

Altars:


Innate Abilities, Weirdness & Mutations

You are immune to poison.
You have sharp fingernails.
Your flesh is cold resistant. (rC+)
You are immune to negative energy. (rN+++)
You do not regenerate when monsters are visible.
You are immune to unholy pain and torment.
You thrive by killing the living.


Message History

You block the bombardier beetle's attack.
You scratch the bombardier beetle but do no damage.
The bombardier beetle is severely wounded.
The liquid fire burns you!
You closely miss the bombardier beetle.
The bombardier beetle is severely wounded.
The liquid fire burns you!
The bombardier beetle barely misses you.
You scratch the bombardier beetle but do no damage.
The bombardier beetle is severely wounded.
The liquid fire burns you!
The bombardier beetle completely misses you.
You closely miss the bombardier beetle.
The bombardier beetle is severely wounded.
The liquid fire burns you!
You barely miss the bombardier beetle.
The bombardier beetle is severely wounded.
The liquid fire burns you!
The bombardier beetle bites you but does no damage.
You barely miss the bombardier beetle.
The bombardier beetle is severely wounded.
The liquid fire burns you!
* * * LOW HITPOINT WARNING * * *
You shake off the liquid fire.
The bombardier beetle sprays incendiary fluid at you.
The burning spray hits you.
You are covered in liquid fire!
You shake off some of the fire as you move.
The liquid fire burns you!
* * * LOW HITPOINT WARNING * * *
You shake off some of the fire as you move.
The liquid fire burns you!
* * * LOW HITPOINT WARNING * * *
The bombardier beetle sprays incendiary fluid at you.
The burning spray hits you.
You are even more covered in liquid fire!
It was a potion of might.
You feel very mighty all of a sudden. The liquid fire burns you!
You die...

#####
#######...################
........#...)##...........
#...##....##########
##†######## #.@..#########
#.....B.......
..........####.#.##.###
..#.#.....# .....
..........# #.###
.##.......... .
...###.##.### .... #.# .#
#.# #.# .#


You could see a bombardier beetle.

Vanquished Creatures
  8 adders
  4 gnolls (D:3)
  3 dart slugs
  2 ribbon worms
  An orc (D:3)
  6 bats
  5 endoplasms
  4 giant cockroaches
  10 goblins
  7 hobgoblins
  A jackal (D:2)
  3 quokkas
  9 ball pythons
  6 frilled lizards
  6 kobolds
  6 rats
81 creatures vanquished.

Notes
Turn   | Place    | Note
-------+----------+-------------------------------------------
     0 | D:1      | whatisthis the Ghoul Gladiator began the quest for the Orb.
     0 | D:1      | Reached XP level 1. HP: 17/17 MP: 1/1
    93 | D:1      | Found a faded altar of an unknown god.
   115 | D:1      | Reached XP level 2. HP: 25/25 MP: 2/2
   798 | D:2      | Reached XP level 3. HP: 31/31 MP: 3/3
   803 | D:2      | Reached skill level 4 in Unarmed Combat
  1239 | D:2      | Reached XP level 4. HP: 38/38 MP: 4/4
  1643 | D:3      | Identified the +0 ring mail of the Rhinotaur {Harm Will-
                  | Int+5}
  1769 | D:3      | Reached skill level 1 in Armour
  1781 | D:3      | Reached XP level 5. HP: 46/46 MP: 5/5
  1950 | D:3      | Reached skill level 5 in Unarmed Combat
  2482 | D:4      | HP: 2/47 [burnt (3)]
  2483 | D:4      | Incinerated by a bombardier beetle

Illustrated notes

Levels and vault maps discovered:
D:1:      lightli_molten_gateway, layout_loops_ring,
          ebering_ecumenical_altar_sacrificial
D:2:      minmay_razor_zed, layout_basic, hex_medium, minmay_tetromino_t4
D:3:      layout_loops_cross, nicolae_overflow_crystal_walls
D:4:      layout_loops_ring, serial_shops, shop, kennysheep_nondescript,
          minivault_14, nicolae_stop_n_shop_1, uniq_robin

Skill      XL: |  1  2  3  4  5 |
---------------+----------------+-----
Fighting       | 3 4 |  4.3
Unarmed Combat | 4 5 |  5.1
Armour         | 1 |  1.7
Throwing       | |  1.7
Dodging        | |  2.6

Action                     |  1- 3 |  4- 6 || total
---------------------------+-------+-------++-------
  Melee: Unarmed           |   103 |   113 ||   216
         Punch             |     2 |     3 ||     5
    Use: Potion            |       |     1 ||     1
 Armour: Leather armour    |    43 |    40 ||    83
  Dodge: Dodged            |    36 |    37 ||    73
  Block: Other             |    18 |    22 ||    40
         Reflection        |     2 |       ||     2

Table legend: (Time is in decaauts)
 A = Elapsed time spent in this place.
 B = Non-inter-level travel time spent in this place.
 C = Inter-level travel time spent in this place.
 D = Time resting spent in this place.
 E = Time spent auto-exploring this place.
 F = Levels seen in this place.
 G = Mean time per level.
                   A        B        C        D        E       F      G
               +--------+--------+--------+--------+--------+-----+--------+
         Total |   2464 |   2331 |    133 |      0 |   1676 |   4 |  616.0 |
       Dungeon |   2464 |   2331 |    133 |      0 |   1676 |   4 |  616.0 |
               +--------+--------+--------+--------+--------+-----+--------+

Top non-repeatable levels by time:
     D:2: 824 daAuts
     D:1: 774 daAuts
     D:3: 706 daAuts
     D:4: 159 daAuts
